[Event "ICCopen2017"]
[Site "Internet Chess Club"]
[Date "2017.03.26"]
[Round "11"]
[White "devotional"]
[Black "Spirals"]
[Result "0-1"]
[ICCResult "White checkmated"]
[WhiteElo "2075"]
[BlackElo "2207"]
[Opening "Sicilian: Najdorf, 6.Bg5"]
[ECO "B94"]
[NIC "SI.04"]
[Time "21:04:53"]
[TimeControl "180+0"]

1. e4 c5 2. Nf3 d6 3. d4 cxd4 4. Nxd4 Nf6 5. Nc3 a6 6. Bg5 Nbd7 7. Bc4 e6 8.
Qe2 Qa5 9. Bd2 Qb6 10. Nb3 Ne5 11. Bd3 Be7 12. f4 Nxd3+ 13. cxd3 Bd7 14. Be3
Qd8 15. e5 dxe5 16. fxe5 Nd5 17. Nxd5 exd5 18. Nd4 Bb4+ 19. Kf2 O-O 20. h4
Re8 21. Nf3 Bg4 22. d4 h5 23. Raf1 Rc8 24. Qd3 Qc7 25. Rc1 Qd7 26. Ng5 Qf5+
27. Qxf5 Bxf5 28. a3 Ba5 29. b4 Bb6 30. Nf3 Bg4 31. Nd2 f6 32. Rxc8 Rxc8 33.
exf6 gxf6 34. Rb1 Rc2 35. b5 a5 36. Ke1 Bf5 37. Rb3 a4 38. Rb4 Rc1+ 39. Ke2
Bc2 40. Nc4 Bd1+ 41. Kd2 Rxc4 42. Rxc4 dxc4 43. Kxd1 Ba5 44. Kc2 Kf7 45. d5
b6 46. Bd2 Bxd2 47. Kxd2 Ke7 48. Kc3 Kd6 49. Kxc4 Ke5 50. g3 f5 51. d6 Kxd6
52. Kd4 Ke6 53. Kc4 Ke5 54. Kb4 Kd4 55. Kxa4 Kc4 56. g4 hxg4 57. h5 g3 58.
h6 g2 59. h7 g1=Q 60. h8=Q Qd1# {White checkmated} 0-1

[Event "ICCopen2017"]
[Site "Internet Chess Club"]
[Date "2017.03.26"]
[Round "11"]
[White "Sophiste"]
[Black "SPARNALIQ"]
[Result "1-0"]
[ICCResult "Black checkmated"]
[WhiteElo "3132"]
[BlackElo "3060"]
[Opening "Réti opening"]
[ECO "A05"]
[NIC "QP.11"]
[Time "21:04:48"]
[TimeControl "180+0"]

1. Nf3 Nf6 2. b3 g6 3. Bb2 Bg7 4. g3 O-O 5. Bg2 c5 6. O-O Nc6 7. c4 d6 8. d4
cxd4 9. Nxd4 Bd7 10. Nc2 Rc8 11. Nc3 Qa5 12. Qd2 Qh5 13. Ne3 Rfe8 14. f3 Bh6
15. f4 Bh3 16. Bf3 Qa5 17. Rfd1 Bg7 18. Na4 Qxd2 19. Rxd2 e5 20. Nd5 Nxd5
21. Rxd5 Nd4 22. Bxd4 exd4 23. Rxd6 b5 24. cxb5 Rc2 25. Rd1 Rxa2 26. Nc5 Rb8
27. g4 Bf8 28. Rc6 Rxb5 29. Ne4 h5 30. gxh5 gxh5 31. Bxh5 Be7 32. Bf3 a5 33.
Ra6 Rc2 34. Kh1 Be6 35. Rxd4 Bxb3 36. Rd7 Bh4 37. Ra8+ Kg7 38. Nd6 Be6 39.
Rxf7+ Bxf7 40. Nxb5 Rxe2 41. Nd6 Re1+ 42. Kg2 Be6 43. Rxa5 Re3 44. Ra7+ Kf8
45. f5 Rd3 46. fxe6 Rxd6 47. Rf7+ Ke8 48. Rh7 Bf6 49. Bh5+ Kd8 50. Bg4 Rd4
51. Kf3 Be7 52. h4 Ra4 53. h5 Ra3+ 54. Kf4 Ra4+ 55. Kg3 Ra3+ 56. Kg2 Ra2+
57. Kf1 Ra1+ 58. Ke2 Ra4 59. Bf5 Ra5 60. Bg4 Rg5 61. Kf3 Ra5 62. h6 Ra3+ 63.
Ke2 Ra2+ 64. Kf3 Ra3+ 65. Kg2 Ra2+ 66. Kg3 Ra3+ 67. Bf3 Bf6 68. Rf7 Be5+ 69.
Kg4 Ke8 70. h7 Bh8 71. Bc6+ Kd8 72. e7+ Kc7 73. e8=Q+ Kb6 74. Qd8+ Kc5 75.
Qe7+ Kxc6 76. Qxa3 Bd4 77. Qa4+ Kd5 78. Qxd4+ Kxd4 79. h8=Q+ Kd5 80. Rd7+
Ke6 81. Qe8+ Kf6 82. Rf7+ Kg6 83. Qg8+ Kh6 84. Rh7# {Black checkmated} 1-0

[Event "ICCopen2017"]
[Site "Internet Chess Club"]
[Date "2017.03.26"]
[Round "11"]
[White "iragefree"]
[Black "marabu"]
[Result "0-1"]
[ICCResult "White resigns"]
[WhiteElo "1748"]
[BlackElo "2089"]
[Opening "QGD: semi-Slav, Marshall gambit"]
[ECO "D31"]
[NIC "SL.06"]
[Time "21:05:10"]
[TimeControl "180+0"]

1. d4 d5 2. c4 e6 3. Nc3 c6 4. e4 dxe4 5. Nxe4 Nf6 6. Nxf6+ Qxf6 7. Nf3 Bb4+
8. Bd2 Bxd2+ 9. Qxd2 Nd7 10. Bd3 O-O 11. O-O-O e5 12. h4 exd4 13. Nxd4 Ne5
14. Bb1 Rd8 15. Qe3 Bg4 16. f3 Bh5 17. g4 Bg6 18. Bxg6 hxg6 19. b3 Re8 20.
g5 Qe7 21. Qc3 Rad8 22. f4 Ng4 23. f5 Qe3+ 24. Qxe3 Nxe3 25. Rd3 Nxf5 26.
Rhd1 Nxh4 27. b4 Re4 28. Kb2 Rde8 29. Kc3 Nf5 30. Nxf5 gxf5 31. Rd7 R4e7 32.
R7d6 g6 33. Rd8 Kg7 34. Rxe8 Rxe8 35. Rd7 b5 36. cxb5 cxb5 37. Rxa7 f4 38.
Rd7 Re5 39. Rd4 Rf5 40. Rd2 Rxg5 41. Rf2 Rf5 42. Kb3 g5 43. a4 bxa4+ 44.
Kxa4 g4 45. b5 g3 46. Rf1 g2 47. Rb1 f3 48. b6 f2 49. b7 f1=Q 50. b8=Q Qa6+
51. Kb3 Rb5+ 52. Qxb5 Qxb5+ 53. Kc2 Qxb1+ 54. Kxb1 g1=Q+ 55. Kb2 Qe3
{White resigns}
0-1

[Event "ICCopen2017"]
[Site "Internet Chess Club"]
[Date "2017.03.26"]
[Round "11"]
[White "nahuels1992"]
[Black "Clownfish"]
[Result "1/2-1/2"]
[ICCResult "White stalemated"]
[WhiteElo "1471"]
[BlackElo "2555"]
[Opening "Alekhine's defense: Scandinavian variation"]
[ECO "B02"]
[NIC "AL.10"]
[Time "21:04:37"]
[TimeControl "180+0"]

1. e4 Nf6 2. Nc3 d5 3. exd5 Nxd5 4. Nf3 Nc6 5. Bc4 e6 6. O-O Be7 7. d4 O-O
8. Ne4 Nf6 9. Ng3 b6 10. c3 Bb7 11. Bb3 Na5 12. Bc2 c5 13. Bg5 cxd4 14. cxd4
Rc8 15. Qd3 g6 16. Bh6 Re8 17. Ne5 Nd5 18. a3 Bg5 19. Bxg5 Qxg5 20. Ne4 Qe7
21. Rac1 Rc7 22. b4 Nc6 23. Bb3 Nxe5 24. dxe5 Rxc1 25. Rxc1 Nf4 26. Qf3 Bxe4
27. Qxe4 Qg5 28. h4 Nh3+ 29. Kh2 Qxc1 30. gxh3 Qb2 31. Qf3 Rd8 32. Ba4 Qxe5+
33. Kg2 Qd5 34. Bc6 Qxf3+ 35. Bxf3 Rd3 36. a4 Ra3 37. Bc6 Rb3 38. b5 Ra3 39.
h5 Kg7 40. hxg6 hxg6 41. Kf1 Rxa4 42. Ke2 Rd4 43. Ke3 Rd6 44. Ke4 Kf6 45. f4
Ke7 46. h4 f6 47. Kf3 Rxc6 48. bxc6 b5 49. Ke3 Kd6 50. Kd4 Kxc6 51. Kc3 Kc5
52. Kd3 a5 53. Kc2 Kd5 54. Kd3 b4 55. Kc2 a4 56. Kd3 a3 57. f5 exf5 58. Kc2
Ke5 59. Kb3 Kf4 60. Kc2 Kg4 61. Kd3 Kh5 62. Kc2 Kxh4 63. Kb3 g5 64. Kxb4 f4
65. Kxa3 g4 66. Kb2 g3 67. Kc2 f3 68. Kd2 Kh3 69. Ke3 g2 70. Kxf3 g1=Q 71.
Kf4 Qg6 72. Ke3 Qg4 73. Kd3 f5 74. Ke3 f4+ 75. Kf2 Qg3+ 76. Kf1 f3
{White stalemated}
1/2-1/2

[Event "ICCopen2017"]
[Site "Internet Chess Club"]
[Date "2017.03.26"]
[Round "11"]
[White "auket40"]
[Black "tryto"]
[Result "0-1"]
[ICCResult "White forfeits on time"]
[WhiteElo "1579"]
[BlackElo "1274"]
[Opening "Queen's pawn game"]
[ECO "A45"]
[NIC "QP.07"]
[Time "21:04:45"]
[TimeControl "180+0"]

1. d4 Nf6 2. g3 d5 3. Bg2 e6 4. e3 Be7 5. f4 O-O 6. Ne2 c6 7. O-O b6 8. b3
Bb7 9. c4 Nbd7 10. Nbc3 Rc8 11. a4 a5 12. Kh1 Qc7 13. h3 Qb8 14. g4 Ba6 15.
Qd3 dxc4 16. bxc4 Nd5 17. f5 Nb4 18. Qe4 Bf6 19. fxe6 fxe6 20. Qxe6+ Kh8 21.
Qxd7 Bxc4 22. Bb2 Rcd8 23. Qf5 Bxd4 24. Qxf8+ Rxf8 25. Rxf8+ Qxf8 26. Nxd4
c5 27. Nf5 Qd8 28. Ne4 Nc2 29. Bxg7+ Kg8 30. Rc1 Bd3 31. Nf6+ Kf7 32. Bd5+
Kg6 33. e4 c4 34. Nh5 Kg5 35. h4+ Kg6 36. g5 Qc7 {White forfeits on time}
0-1

[Event "ICCopen2017"]
[Site "Internet Chess Club"]
[Date "2017.03.26"]
[Round "11"]
[White "DetectiveStark"]
[Black "manusupergm2001"]
[Result "1-0"]
[ICCResult "Black checkmated"]
[WhiteElo "2485"]
[BlackElo "2155"]
[Opening "Sicilian: Nimzovich-Rossolimo attack (without ...d6)"]
[ECO "B30"]
[NIC "SI.31"]
[Time "21:05:11"]
[TimeControl "180+0"]

1. e4 c5 2. Nf3 Nc6 3. Bb5 e6 4. Bxc6 bxc6 5. d3 g6 6. O-O Bg7 7. e5 d5 8.
exd6 Qxd6 9. Na3 Ba6 10. Re1 Ne7 11. Nd2 Rb8 12. Nac4 Qc7 13. Ne4 Bxc4 14.
dxc4 O-O 15. c3 Rfd8 16. Qf3 Qa5 17. Bg5 Rb7 18. Nf6+ Kh8 19. b3 Rf8 20. Qh3
h5 21. g4 Ng8 22. Ne4 f5 23. gxh5 fxe4 24. hxg6+ Bh6 25. Bxh6 Nxh6 26. Qxh6+
Kg8 27. Re3 Qc7 28. Rxe4 Qg7 29. Qxg7+ Kxg7 30. Rxe6 Rf6 31. Rxf6 Kxf6 32.
Rd1 Rg7 33. Rd6+ Ke5 34. Rxc6 a5 35. Kg2 Ke4 36. Kg3 Kd3 37. h4 Kc2 38. h5
Kb2 39. h6 Rg8 40. h7 Rg7 41. h8=Q Kxa2 42. Qxg7 Kb2 43. Qb7 Ka3 44. Rxc5
Kb2 45. Rxa5 Kb1 46. g7 Kb2 47. g8=Q Kb1 48. Qg6+ Kb2 49. Ra2+ Kxa2 50. Qc2+
Ka3 51. Qa7# {Black checkmated} 1-0

[Event "ICCopen2017"]
[Site "Internet Chess Club"]
[Date "2017.03.26"]
[Round "11"]
[White "rickky20"]
[Black "Piranha"]
[Result "1/2-1/2"]
[ICCResult "Black ran out of time and White has no material to mate"]
[WhiteElo "1722"]
[BlackElo "1605"]
[Opening "Dutch"]
[ECO "A80"]
[NIC "HD.12"]
[Time "21:05:15"]
[TimeControl "180+0"]

1. d4 f5 2. Nf3 Nf6 3. Bf4 g6 4. e3 Bg7 5. Bc4 d5 6. Bb3 e6 7. Nbd2 O-O 8.
O-O Nbd7 9. c4 c6 10. Rc1 Ne4 11. Ne5 Nxe5 12. Bxe5 Bxe5 13. dxe5 Qg5 14.
cxd5 exd5 15. f4 Qe7 16. Nxe4 fxe4 17. Qd4 Be6 18. Rc2 Kg7 19. Rcf2 b6 20.
h3 c5 21. Qd2 Rad8 22. Rd1 d4 23. Bxe6 Qxe6 24. exd4 cxd4 25. Qb4 e3 26. Rf3
e2 27. Rdd3 Qxa2 28. Qe1 Qxb2 29. Kh2 Rc8 30. Rd2 Rc2 31. Rxc2 Qxc2 32. Qh4
Qd2 33. f5 e1=Q 34. f6+ Kg8 35. Qg4 Qxe5+ 36. Rg3 Rxf6 37. Qc8+ Rf8 38. Qc4+
Kg7 39. Qb3 Rf7 40. h4 Qdf4 41. h5 Qxg3+ 42. Qxg3 Qxg3+ 43. Kxg3 gxh5 44.
Kh4 d3 45. Kxh5 d2 46. g4 d1=Q 47. Kg5 Qxg4+ 48. Kxg4 b5 49. Kh5 b4 50. Kg5
{Black ran out of time and White has no material to mate}
1/2-1/2

[Event "ICCopen2017"]
[Site "Internet Chess Club"]
[Date "2017.03.26"]
[Round "11"]
[White "lexa"]
[Black "dynamo"]
[Result "1/2-1/2"]
[ICCResult "White ran out of time and Black has no material to mate"]
[WhiteElo "1897"]
[BlackElo "1760"]
[Opening "Sicilian"]
[ECO "B50"]
[NIC "SI.01"]
[Time "21:04:34"]
[TimeControl "180+0"]

1. e4 c5 2. Nf3 d6 3. c3 Nc6 4. d4 cxd4 5. cxd4 e6 6. Nc3 Nf6 7. h3 g6 8.
Be3 Bg7 9. Rc1 a6 10. Bd3 O-O 11. O-O Bd7 12. Qd2 Rc8 13. Bh6 Re8 14. Bxg7
Kxg7 15. Rfe1 e5 16. d5 Ne7 17. Qe3 h6 18. Qa7 Rc7 19. Ne2 Rxc1 20. Rxc1 Qb8
21. Qxb8 Rxb8 22. Rc7 Kf8 23. Nd2 Ke8 24. Rc3 Rc8 25. Nc4 Kd8 26. Nxd6 Rxc3
27. Nxc3 Be8 28. Nxb7+ Kc7 29. Nc5 Kd6 30. Nxa6 Bd7 31. a4 Ne8 32. b4 Nc7
33. b5 Nxa6 34. bxa6 Kc7 35. Bb5 Bc8 36. Be8 f5 37. exf5 gxf5 38. Nb5+ Kb6
39. d6 Nd5 40. d7 Bxd7 41. Bxd7 Kxa6 42. Bxf5 Ka5 43. Bc2 Nf4 44. Kf1 Ne6
45. h4 Nd4 46. Bd1 Nxb5 47. axb5 Kxb5 48. g3 Kc5 49. Ke2 Kd4 50. Kd2 e4 51.
Be2 Ke5 52. Ke3 Kf5 53. Bd1 Ke5 54. Bc2 h5 55. Bxe4 Kf6 56. f3 Kg7 57. f4
Kh8 58. g4 Kg7 59. gxh5 Kh6 60. f5 Kxh5 61. Kf4 Kxh4 62. Ke5 Kh3 63. Ke6 Kh2
64. f6 Kg1 65. f7 Kh2 66. f8=Q Kg1 67. Qg8+ Kh2 68. Qf7 Kg1 69. Qf6 Kh2 70.
Ke5 Kg1 71. Kf4 Kh2 {White ran out of time and Black has no material to
mate} 1/2-1/2

[Event "ICCopen2017"]
[Site "Internet Chess Club"]
[Date "2017.03.26"]
[Round "11"]
[White "Seraphim"]
[Black "Dupinpon"]
[Result "0-1"]
[ICCResult "White checkmated"]
[WhiteElo "1840"]
[BlackElo "1671"]
[Opening "Sicilian: Najdorf, Lipnitzky attack"]
[ECO "B90"]
[NIC "SI.13"]
[Time "21:04:46"]
[TimeControl "180+0"]

1. e4 c5 2. Nf3 d6 3. d4 cxd4 4. Nxd4 Nf6 5. Nc3 a6 6. Bc4 e5 7. Nde2 Be7 8.
O-O O-O 9. Bb3 Be6 10. f3 Nc6 11. Be3 b5 12. Qe1 Na5 13. Qf2 Nxb3 14. axb3
d5 15. exd5 Nxd5 16. Nxd5 Qxd5 17. Rfd1 Qb7 18. Qg3 f6 19. Nc3 Rfd8 20. Ne4
Kh8 21. Kh1 a5 22. h4 a4 23. bxa4 bxa4 24. Rxd8+ Rxd8 25. Rxa4 Qxb2 26. Ra7
Qb1+ 27. Kh2 Bf8 28. h5 Rd1 29. Qf2 Rh1+ 30. Kg3 Qb8 31. h6 f5 32. Ng5 f4+
33. Bxf4 exf4# {White checkmated} 0-1

[Event "ICCopen2017"]
[Site "Internet Chess Club"]
[Date "2017.03.26"]
[Round "11"]
[White "kamalchandran"]
[Black "starfiasch"]
[Result "1-0"]
[ICCResult "Black forfeits on time"]
[WhiteElo "1800"]
[BlackElo "1547"]
[Opening "Caro-Kann: classical variation"]
[ECO "B18"]
[NIC "CK.10"]
[Time "21:04:07"]
[TimeControl "180+0"]

1. e4 c6 2. d4 d5 3. Nc3 dxe4 4. Nxe4 Bf5 5. Ng3 Bg6 6. Nf3 h6 7. Bd3 Bxd3
8. Qxd3 Nd7 9. O-O e6 10. Re1 Ngf6 11. Qb3 b6 12. c4 Be7 13. Bf4 O-O 14. Ne5
Rc8 15. Rad1 c5 16. Qa4 cxd4 17. Rxd4 Rc7 18. Red1 Qc8 19. Nxd7 Nxd7 20.
Bxc7 Nc5 21. Qxa7 Bf6 22. R4d2 e5 23. Qxb6 Ne6 24. Bd6 Re8 25. c5 Nd4 26.
Qc7 Qg4 27. h3 Qg5 28. Qd7 Rd8 29. Qg4 Qxg4 30. hxg4 Ne6 31. Nf5 Nf4 32.
Nxh6+ {Black forfeits on time} 1-0

[Event "ICCopen2017"]
[Site "Internet Chess Club"]
[Date "2017.03.26"]
[Round "11"]
[White "BillietheKid"]
[Black "carro"]
[Result "0-1"]
[ICCResult "White forfeits on time"]
[WhiteElo "1343"]
[BlackElo "1213"]
[Opening "Sicilian: Taimanov variation"]
[ECO "B46"]
[NIC "SI.39"]
[Time "21:05:06"]
[TimeControl "180+0"]

1. e4 c5 2. Nf3 e6 3. d4 cxd4 4. Nxd4 Nc6 5. Nc3 a6 6. Be2 Bb4 7. O-O Qc7 8.
Nxc6 bxc6 9. Qd3 Nf6 10. Bg5 Be7 11. Rfe1 h6 12. Bh4 O-O 13. Bf3 e5 14. Rad1
d6 15. Kh1 Rd8 16. Qe3 Ng4 17. Bxg4 Bxg4 18. Bxe7 Qxe7 19. f3 Be6 20. Qb6
Rdc8 21. b3 Kh7 22. Ne2 Qd7 23. Qb4 Rd8 24. Ng3 Qc7 25. Qd2 d5 26. f4 dxe4
27. Qe3 exf4 28. Qxe4+ g6 29. Ne2 Bd5 30. Qxf4 Qxf4 31. Nxf4 Rd7 32. c4 Be6
33. Nxe6 Rxd1 34. Rxd1 fxe6 35. Rd6 Re8 36. Rxc6 e5 37. Kg1 e4 38. Kf2 e3+
39. Ke2 Re7 40. Rxa6 h5 41. Rd6 Kh6 {White forfeits on time} 0-1

[Event "ICCopen2017"]
[Site "Internet Chess Club"]
[Date "2017.03.26"]
[Round "11"]
[White "RdgMx"]
[Black "Magagna"]
[Result "1-0"]
[ICCResult "Black resigns"]
[WhiteElo "1855"]
[BlackElo "1733"]
[Opening "Queen's pawn game"]
[ECO "A46"]
[NIC "QP.05"]
[Time "21:04:39"]
[TimeControl "180+0"]

1. d4 Nf6 2. Nf3 e6 3. Bf4 d5 4. e3 Bd6 5. Ne5 Nbd7 6. c3 c6 7. Nxf7 Kxf7 8.
Bxd6 Qb6 9. Qb3 Rd8 10. Qxb6 Nxb6 11. Bc7 Re8 12. Bxb6 axb6 13. Nd2 e5 14.
Bd3 e4 15. Be2 Bd7 16. O-O c5 17. a3 Bc6 18. Rfd1 c4 19. b3 b5 20. Rdb1 Nd7
21. bxc4 bxc4 22. Nf1 b5 23. Ng3 g6 24. Bg4 Nb6 25. Bd1 Na4 26. Bxa4 Rxa4
27. Rb4 Rea8 28. Rxa4 Rxa4 29. Ne2 h5 30. f3 exf3 31. gxf3 Ra8 32. Kf2 Ke7
33. Nf4 Kf6 34. Rg1 Be8 35. Ra1 Bf7 36. h4 Re8 37. Rb1 Rb8 38. Nh3 Be8 39.
Ng5 Ra8 40. Ra1 Rb8 41. e4 dxe4 42. fxe4 Bd7 43. Ke3 Ke7 44. d5 Bg4 45. Kd4
Rf8 46. Kc5 Bd7 47. a4 bxa4 48. Kxc4 Rf4 49. Rh1 Bf5 50. Kd4 a3 51. c4 a2
52. c5 Rxh4 53. Ra1 Rg4 54. d6+ Kd7 55. Nf3 Bxe4 56. Ne5+ Ke6 57. Nxg4 hxg4
58. Kxe4 g3 59. Kf3 Kd7 60. Kxg3 Kc6 61. Kg4 g5 62. Kxg5 Kd7 63. Kf6 Kc6 64.
Ke5 Kxc5 65. Ke6 Kb4 66. d7 Kb3 67. d8=Q Kb2 68. Qd1 Kc3 69. Qc1+ Kb4 70.
Rxa2 {Black resigns} 1-0

[Event "ICCopen2017"]
[Site "Internet Chess Club"]
[Date "2017.03.26"]
[Round "11"]
[White "croder"]
[Black "carpedef"]
[Result "1-0"]
[ICCResult "Black forfeits on time"]
[WhiteElo "1590"]
[BlackElo "1750"]
[Opening "Sicilian: closed"]
[ECO "B23"]
[NIC "SI.44"]
[Time "21:04:11"]
[TimeControl "180+0"]

1. e4 c5 2. Nc3 e6 3. d3 a6 4. Nf3 b5 5. Be3 b4 6. Ne2 Bb7 7. Ng3 Nf6 8. Be2
d5 9. e5 Nfd7 10. Bf4 Nc6 11. d4 cxd4 12. Nxd4 Ncxe5 13. Bxe5 Nxe5 14. O-O
Be7 15. c3 bxc3 16. bxc3 Rc8 17. Qa4+ Qd7 18. Qb3 Nc4 19. Rfd1 O-O 20. f4
Qc7 21. Kh1 Rb8 22. Qc2 Ne3 23. Qd3 Nxd1 24. Rxd1 Rfc8 25. f5 Qxc3 26. fxe6
Qxd3 27. exf7+ Kxf7 28. Bxd3 Bf6 29. Ndf5 Rd8 30. Ne2 g6 31. Nfd4 Rbc8 32.
Rf1 Ke7 33. Nb3 Rf8 34. Rd1 Rcd8 35. Na5 Ba8 36. Bxa6 Kf7 37. Nb3 Kg7 38.
Bd3 Rfe8 39. Ned4 Re3 40. Bb5 Rc8 41. Bd7 Rc4 42. Ne6+ Kg8 43. Nec5 d4 44.
Be6+ Kg7 45. Bxc4 Bc6 46. Bf1 Bd5 47. Kg1 h5 48. Kf2 h4 49. h3 Rc3 50. Nd3
Bg5 51. Ke2 Be3 52. Nd2 Rc2 53. a4 Ra2 54. a5 Bc4 55. Kf3 Bxd2 56. Ne5 Bd5+
57. Kg4 Be3 58. Nf3 Be6+ 59. Kxh4 Rxa5 60. g4 Rh5+ 61. Kg3
{Black forfeits on time}
1-0

[Event "ICCopen2017"]
[Site "Internet Chess Club"]
[Date "2017.03.26"]
[Round "11"]
[White "cheslikeyomama"]
[Black "WobblySquares"]
[Result "0-1"]
[ICCResult "White forfeits on time"]
[WhiteElo "1520"]
[BlackElo "1696"]
[Opening "Queen's pawn game"]
[ECO "A45"]
[NIC "QP.07"]
[Time "21:04:47"]
[TimeControl "180+0"]

1. d4 Nf6 2. e3 g6 3. f4 d5 4. Nf3 Bg7 5. Bd3 Nbd7 6. Nbd2 c6 7. O-O O-O 8.
c3 Ng4 9. Qe2 Ndf6 10. Ne5 Nxe5 11. fxe5 Bg4 12. Qe1 Nd7 13. h3 Be6 14. Nf3
h6 15. e4 c5 16. Be3 c4 17. Bc2 Kh7 18. exd5 Bxd5 19. Nh2 e6 20. Ng4 h5 21.
Nf2 Qh4 22. Nh1 Qxe1 23. Raxe1 Nb6 24. Ng3 Bc6 25. Nxh5 Nd5 26. Bd2 Rad8 27.
Be4 Kg8 28. Bxd5 Bxd5 29. Nf6+ Bxf6 30. exf6 Kh7 31. Rf4 Rh8 32. Rh4+ Kg8
33. Rxh8+ Kxh8 34. Bf4 Kh7 35. Be5 Rh8 36. Rb1 Kh6 37. b3 b5 38. bxc4 Bxc4
39. a4 a6 40. axb5 axb5 41. Ra1 Kg5 42. Ra6 Rh7 43. Ra7 Kf5 44. g4+ Ke4 45.
Kh2 Kd3 46. Kg3 Kxc3 47. d5+ Kb4 48. dxe6 Bxe6 49. Bd6+ Kc4 50. Rc7+ Kd5
{White forfeits on time}
0-1

[Event "ICCopen2017"]
[Site "Internet Chess Club"]
[Date "2017.03.26"]
[Round "11"]
[White "Dictator"]
[Black "Buscapina"]
[Result "0-1"]
[ICCResult "White forfeits on time"]
[WhiteElo "2527"]
[BlackElo "2285"]
[Opening "Réti: King's Indian attack, Yugoslav variation"]
[ECO "A05"]
[NIC "QP.11"]
[Time "21:04:49"]
[TimeControl "180+0"]

1. Nf3 Nf6 2. g3 d5 3. Bg2 c6 4. O-O Bg4 5. h3 Bh5 6. d4 Ne4 7. c4 e6 8.
Nbd2 f5 9. cxd5 exd5 10. Ne5 Nd7 11. Nxe4 fxe4 12. Bf4 g5 13. Nxd7 gxf4 14.
Ne5 Bd6 15. gxf4 Qh4 16. Qb3 O-O-O 17. Qg3 Qf6 18. Qg5 Qxg5 19. fxg5 Bxe2
20. Rfe1 Bxe5 21. dxe5 Bd3 22. f3 Rde8 23. fxe4 Rxe5 24. exd5 Rxg5 25. Rad1
Rhg8 26. Rxd3 Rxg2+ 27. Kh1 cxd5 28. Rxd5 Rxb2 29. Re7 Rxa2 30. Rxh7 Re8 31.
Rc5+ Kb8 32. Rc1 Rb2 33. h4 a5 34. Rh5 b6 35. Rg5 a4 36. Rg2 Rb4 37. Rh2
Ree4 38. h5 Rh4 39. Rc2 a3 40. h6 Rb1+ 41. Kg2 Rb2 42. Rxh4 Rxc2+ 43. Kf3 a2
44. h7 a1=Q 45. h8=Q+ Qxh8 46. Rxh8+ Kb7 47. Rh7+ Rc7 48. Rh5 Rc6
{White forfeits on time}
0-1

[Event "ICCopen2017"]
[Site "Internet Chess Club"]
[Date "2017.03.26"]
[Round "11"]
[White "Djukanyc"]
[Black "weakfish"]
[Result "0-1"]
[ICCResult "White forfeits on time"]
[WhiteElo "1726"]
[BlackElo "1301"]
[Opening "Caro-Kann: anti-anti-Caro-Kann defense"]
[ECO "B10"]
[NIC "CK.01"]
[Time "21:04:59"]
[TimeControl "180+0"]

1. e4 c6 2. c4 d5 3. cxd5 cxd5 4. exd5 Nf6 5. Nc3 a6 6. Qb3 Nbd7 7. Nge2 Qb6
8. Qc4 Ne5 9. Qd4 Qxd4 10. Nxd4 g6 11. Be2 Bg7 12. h3 O-O 13. f4 Ned7 14.
Nb3 Nb6 15. Bf3 Rd8 16. d4 Nfxd5 17. Bd2 Nb4 18. O-O-O Nd3+ 19. Kc2 Nf2 20.
Be3 Nxh1 21. Rxh1 Bf5+ 22. Kc1 Nc4 23. Bf2 b5 24. g4 Be6 25. Rd1 Nd6 26. d5
Bd7 27. Nc5 Bxc3 28. bxc3 Rac8 29. Bd4 Nc4 30. Kc2 f6 31. Nxa6 e5 32. dxe6
Bxe6 33. Bxf6 Ne3+ 34. Kc1 Nxd1 35. Bxd1 Re8 36. g5 Rxc3+ 37. Kd2 Rxh3
{White forfeits on time}
0-1

[Event "ICCopen2017"]
[Site "Internet Chess Club"]
[Date "2017.03.26"]
[Round "11"]
[White "cloak1"]
[Black "beaupre"]
[Result "1-0"]
[ICCResult "Black forfeits on time"]
[WhiteElo "1880"]
[BlackElo "1846"]
[Opening "King's Indian: Torre attack"]
[ECO "A48"]
[NIC "QP.01"]
[Time "21:05:17"]
[TimeControl "180+0"]

1. d4 Nf6 2. Nf3 g6 3. Bg5 Bg7 4. Nc3 O-O 5. e4 d6 6. Be2 Nc6 7. h3 h6 8.
Be3 Bd7 9. Qd2 Kh7 10. O-O-O a5 11. e5 Ne8 12. g4 a4 13. a3 Na7 14. Rhg1 c6
15. Bd3 b5 16. h4 dxe5 17. Nxe5 Be6 18. h5 b4 19. hxg6+ fxg6 20. axb4 Bf7
21. Rh1 Rh8 22. Bxh6 Kg8 23. Bxg7 Rxh1 24. Rxh1 Kxg7 25. Qh6+ Kf6 26. Qf4+
Ke6 27. Qxf7+ Kd6 28. Nc4+ Kc7 29. Re1 Nd6 30. Rxe7+ Kb8 31. Nxd6 Qxd6 32.
Re8+ Nc8 33. Qg8 Kb7 34. Qg7+ Kb6 35. Ne4 Qf4+ 36. Kb1 a3 37. bxa3 Rxa3 38.
Kb2 Ra8 39. Qe5 Qxf2 40. Nxf2 {Black forfeits on time} 1-0

[Event "ICCopen2017"]
[Site "Internet Chess Club"]
[Date "2017.03.26"]
[Round "11"]
[White "alejandrorios"]
[Black "DropZone"]
[Result "1-0"]
[ICCResult "Black forfeits on time"]
[WhiteElo "1964"]
[BlackElo "2083"]
[Opening "Sicilian: Kan, 5.Nc3"]
[ECO "B43"]
[NIC "SI.43"]
[Time "21:05:07"]
[TimeControl "180+0"]

1. e4 c5 2. Nf3 a6 3. Nc3 e6 4. d4 cxd4 5. Nxd4 b5 6. Bd3 Qb6 7. Nb3 Bb7 8.
O-O Qc7 9. Kh1 Nf6 10. f4 b4 11. e5 bxc3 12. exf6 gxf6 13. bxc3 Rg8 14. Rf2
Qxc3 15. Bd2 Qc7 16. Bxh7 Rg7 17. Bd3 Bd6 18. Qh5 Ke7 19. Re1 Nc6 20. Qh6
Rag8 21. Bh7 Rxg2 22. Rxg2 Rxg2 23. Kxg2 Ne5+ 24. Kg3 Nc4 25. Bc1 Qc6 26.
Be4 Qc8 27. Bxb7 Qxb7 28. Qh5 Qb4 29. Qe2 Nb6 30. Kg2 Nd5 31. Rf1 Bxf4 32.
c4 Qb7 33. cxd5 Qxd5+ 34. Qf3 Qg5+ 35. Kh1 Bxc1 36. Rxc1 d5 37. Rd1 Kd6 38.
Nd4 e5 39. Ne2 Ke6 40. Qxd5+ Ke7 41. Qd8+ {Black forfeits on time} 1-0

[Event "ICCopen2017"]
[Site "Internet Chess Club"]
[Date "2017.03.26"]
[Round "11"]
[White "shredded"]
[Black "TerryR"]
[Result "1-0"]
[ICCResult "Black forfeits on time"]
[WhiteElo "2722"]
[BlackElo "2316"]
[Opening "Queen's pawn"]
[ECO "A40"]
[NIC "QO.17"]
[Time "21:04:53"]
[TimeControl "180+0"]

1. d4 e6 2. Nf3 Nf6 3. g3 b6 4. Bg2 Bb7 5. O-O Be7 6. c3 O-O 7. Bg5 d6 8.
Nbd2 Nbd7 9. Re1 h6 10. Bxf6 Nxf6 11. e4 Nd7 12. a4 a6 13. Qe2 c5 14. d5
exd5 15. exd5 Re8 16. Qd3 Qc7 17. Nc4 Nf6 18. Nfd2 Bf8 19. Na3 Rad8 20. b3
Bc8 21. h3 g6 22. g4 Bg7 23. Rac1 h5 24. g5 Nh7 25. h4 Nf8 26. f4 Qb8 27.
Kf2 Qb7 28. Bf1 Qd7 29. Be2 Re7 30. Nac4 Qc7 31. Bf3 Rde8 32. Rxe7 Rxe7 33.
Re1 b5 34. Rxe7 Qxe7 35. axb5 axb5 36. Na3 b4 37. cxb4 cxb4 38. Nac4 Qa7+
39. Kg2 Ba6 40. Ne4 Qc7 41. Be2 Nd7 42. Kg3 Nc5 43. Nxc5 Qxc5 44. Qe4 Bb7
45. Bf3 Ba6 46. Be2 Qg1+ 47. Qg2 Qe1+ 48. Qf2 Qc3+ 49. Qf3 Bb7 50. Nxd6 Bxd5
51. Qxc3 bxc3 52. Bd1 Bf8 53. Nc4 Be4 54. Ne3 Bc5 55. Nc2 Kf8 56. b4 Bb6 57.
b5 Ke7 58. Nb4 Kd6 59. Bc2 Kc5 60. Bxe4 Kxb4 61. Bc2 Ka3 62. f5 gxf5 63.
Bxf5 Kb2 64. Kf4 c2 65. Bxc2 Kxc2 66. Kf5 Bf2 67. Kf6 Bxh4 68. b6 Bg3 69.
Kxf7 h4 70. g6 Be5 71. g7 h3 72. g8=Q h2 73. Qg6+ {Black forfeits on time}
1-0

[Event "ICCopen2017"]
[Site "Internet Chess Club"]
[Date "2017.03.26"]
[Round "11"]
[White "Synapse"]
[Black "GYMEJR"]
[Result "1-0"]
[ICCResult "Black forfeits on time"]
[WhiteElo "1509"]
[BlackElo "1526"]
[Opening "Sicilian defense"]
[ECO "B30"]
[NIC "SI.31"]
[Time "21:05:53"]
[TimeControl "180+0"]

1. e4 c5 2. Nf3 Nc6 3. Nc3 a6 4. Be2 g6 5. O-O Bg7 6. a3 d6 7. d3 e6 8. Bg5
Nge7 9. Re1 h6 10. Bh4 O-O 11. h3 Qc7 12. Bg3 f5 13. exf5 Nxf5 14. Bh2 Qf7
15. Ne4 e5 16. g4 Nfd4 17. Nxd4 Nxd4 18. Bg3 Qe7 19. c3 Nxe2+ 20. Rxe2 h5
21. gxh5 Bxh3 22. Qd2 Bg4 23. Ree1 gxh5 24. Qg5 Qxg5 25. Nxg5 Rf5 26. Ne4
Rd8 27. b4 b6 28. bxc5 dxc5 29. Rab1 Rxd3 30. Rxb6 Bf8 31. Rg6+ Kf7 32. Rxa6
{Black forfeits on time}
1-0